 Dungeon Crawl Stone Soup version 0.21-a0-538-gd16b88a (webtiles) character file.

3651 Gerstahl the Nimble (level 9, -4/74 HPs)
             Began as a Demonspawn Monk on Dec 15, 2017.
             Was a Believer of Dithmenos.
             Killed by divine providence
             ... invoked by an orc priest
              (16 damage)
             ... on level 7 of the Dungeon.
             The game lasted 00:24:07 (10073 turns).

Gerstahl the Nimble (Demonspawn Monk)              Turns: 10073, Time: 00:24:07

Health: -4/74      AC:  4    Str: 11    XL:     9   Next: 88%
Magic:  9/9        EV: 18    Int: 11    God:    Dithmenos [**....]
Gold:   393        SH:  0    Dex: 18    Spells: 8/8 levels left

rFire    + . .     SeeInvis +   a - +0 falchion
rCold    x . .     Gourm    .   (no shield)
rNeg     . . .     Faith    .   r - +1 leather armour
rPois    .         Spirit   .   (helmet restricted)
rElec    .         Reflect  .   (no cloak)
rCorr    .         Harm     .   (no gloves)
MR       .....                  (no boots)
Stlth    ++........             (no amulet)
HPRegen  0.22/turn              w - ring of see invisible
MPRegen  0.11/turn              h - ring of fire

@: wreathed by umbra
A: antennae 1, claws 1, talons 2, demonic guardian 1, spiny 1, weak 1,
MP-powered wands
a: Shadow Step, Renounce Religion


You were on level 7 of the Dungeon.
You worshipped Dithmenos.
Dithmenos was pleased with you.
You were not hungry.

You visited 2 branches of the dungeon, and saw 8 of its levels.
You also visited: Ossuary.

You collected 393 gold pieces.

Inventory:

Hand Weapons
 a - a +0 falchion (weapon)
Armour
 b - a +0 robe
 j - a +0 pair of gloves
 r - a +1 leather armour (worn)
Jewellery
 h - a ring of fire (right claw)
 v - a cursed ring of loudness {unknown}
 w - a ring of see invisible (left claw)
Wands
 g - a wand of enslavement (12)
 s - a wand of disintegration (13)
 y - a wand of acid (5)
Scrolls
 d - a scroll of remove curse
 e - a scroll of fog
 i - 2 scrolls of enchant armour
 k - a scroll of teleportation
 p - a scroll of amnesia
 u - a scroll of torment
 x - 3 scrolls of identify
Potions
 f - 2 potions of lignification
 m - 2 potions of agility
 q - a potion of ambrosia {unknown}
Books
 n - a book of Misfortune

   Spells                             Type                      Level
   a - Confusing Touch                Hexes                        1
   b - Confuse                        Hexes                        3
   c - Gell's Gravitas                Translocation                3
   d - Petrify                        Transmutation/Earth          4
   e - Metabolic Englaciation         Hexes/Ice                    5
   f - Yara's Violent Unravelling     Hexes/Transmutation          5
 o - a book of Geomancy

   Spells                             Type                      Level
   a - Sandblast                      Earth                        1
   b - Passwall                       Transmutation/Earth          2
   c - Stone Arrow                    Conjuration/Earth            3
   d - Petrify                        Transmutation/Earth          4
   e - Lee's Rapid Deconstruction     Earth                        5
Comestibles
 c - a royal jelly
 l - 7 fruits


   Skills:
 - Level 8.0 Fighting
 - Level 8.0 Long Blades
 + Level 8.7 Dodging
 - Level 1.7 Stealth


You had 8 spell levels left.
You didn't know any spells.

Dungeon Overview and Level Annotations

Branches:
Dungeon (7/15)             Temple (1/1) D:6

Altars:
Ashenzari
Cheibriados
Dithmenos
Elyvilon
Fedhas
Gozag
Hepliaklqana
Kikubaaqudgha
Nemelex Xobeh
Okawaru
Qazlal
Ru
Sif Muna
Trog
Uskayaw
Vehumet
Wu Jian
Xom
Yredelemnul
Zin
The Shining One


Innate Abilities, Weirdness & Mutations

You have sharp fingernails.
You have razor-sharp toenails.
A weak demonic guardian rushes to your aid.
You are partially covered in sharp spines.
You have a pair of small antennae on your head.
You are weak. (Str -2)
You expend magic power (3 MP) to strengthen your wands.


Message History

You hit the orc warrior.
You claw the orc warrior, but do no damage.
The orc warrior is heavily wounded.
The orc warrior hits you with a vampiric hand axe!
The orc warrior draws strength from your wounds!
Okay, then.
The orc priest calls upon Beogh to heal the orc warrior.
The orc warrior is healed somewhat.
You swap places.
The orc priest calls down the wrath of Beogh upon you.
Beogh smites you!
* * * LOW HITPOINT WARNING * * *
The orc warrior barely misses your shadow imp.
Your shadow imp hits the orc warrior but does no damage.
The orc warrior misses your shadow imp.
Your shadow imp barely misses the orc warrior.
There is an open door here.
The orc priest mumbles some strange prayers to Beogh against you.
Beogh smites you!
You die...

#.......##................##
#.......##.....###.#........
#.......#####.####.#####....
#.......# #.#........#.###
#####.......# #.#........#.#
#.........### ###.#........#.#
#.........# #............#.#
##........o#####............#.#
..........cao5.'@...........#.#
##........o#####.......<....#.#
#.........# #............#.#
#.........# #............#.#
########### ####...........#
#.####### .# .#


You could see an orc warrior, a centaur, a worker ant, an orc priest, an orc and
a friendly shadow imp.

Vanquished Creatures
  Pikel (D:5)
  Sigmund (D:4)
  Eustachio (D:6)
  A hungry ghost (D:7)
  2 orc warriors (D:6)
  3 slaves (D:5)
  An ice beast (D:7)
  3 sky beasts
  4 centaurs
  2 ogres (D:6)
  A phantom (D:7)
  Blork the orc (D:4)
  An elf zombie (Ossuary)
  2 bullfrogs
  A scorpion (D:7)
  5 wights (D:5)
  A howler monkey (D:5)
  A bullfrog zombie (D:7)
  A crimson imp (D:7)
  A human zombie (Ossuary)
  A quasit (D:5)
  2 jellies
  A hound (D:6)
  A centaur skeleton (D:5)
  4 orc priests
  6 orc wizards
  Ijyb (D:5)
  A worker ant (D:4)
  2 big kobold zombies (Ossuary)
  A hound zombie (Ossuary)
  A hound skeleton (D:5)
  4 mummies (Ossuary)
  Robin (D:4)
  6 adders
  A shadow imp (D:6)
  An ooze (D:2)
  An adder zombie (Ossuary)
  5 worms
  2 dart slugs
  4 leopard geckos
  29 orcs
  2 ball pythons
  9 bats
  2 giant cockroaches
  A gnoll zombie (Ossuary)
  11 goblins
  19 hobgoblins
  10 jackals
  10 kobolds
  2 quokkas
  3 frilled lizards
  A goblin zombie (Ossuary)
  2 hobgoblin zombies (Ossuary)
  A jackal zombie (Ossuary)
  A kobold zombie (D:6)
  2 leopard gecko skeletons (D:4)
  A quokka skeleton (D:6)
  8 rats
194 creatures vanquished.

Vanquished Creatures (collateral kills)
  Menkaure (D:4)
  Purgy (D:4)
  An orc warrior (D:6)
  A bullfrog skeleton (D:7)
  A hound (D:4)
  An orc priest (D:7)
  A worker ant (D:6)
  A hound skeleton (D:4)
  An adder (D:6)
  A worm (D:4)
  A leopard gecko (D:4)
  6 orcs
  A gnoll zombie (Ossuary)
  A leopard gecko zombie (D:7)
19 creatures vanquished.

Grand Total: 213 creatures vanquished

Notes
Turn   | Place    | Note
-------+----------+-------------------------------------------
     0 | D:1      | Gerstahl the Demonspawn Monk began the quest for the Orb.
     0 | D:1      | Reached XP level 1. HP: 18/18 MP: 1/1
   363 | D:1      | Gained mutation: You have sharp toenails. [demonic ancestry]
   363 | D:1      | Reached XP level 2. HP: 24/24 MP: 2/2
   728 | D:2      | Gained mutation: You are partially covered in sharp spines. [demonic ancestry]
   728 | D:2      | Reached XP level 3. HP: 29/29 MP: 3/3
  1124 | D:2      | Found a sacrificial altar of Ru.
  1135 | D:2      | Reached XP level 4. HP: 37/37 MP: 4/4
  1620 | D:2      | Found a bloodstained altar of Trog.
  1836 | D:3      | Found a basalt altar of Yredelemnul.
  1921 | D:3      | Gained mutation: A weak demonic guardian rushes to your aid. [demonic ancestry]
  1921 | D:3      | Reached XP level 5. HP: 25/43 MP: 5/5
  2269 | D:3      | Found an iron altar of Okawaru.
  2788 | D:4      | Noticed Blork the orc
  2797 | D:4      | Noticed Sigmund
  2802 | D:4      | Killed Blork the orc
  2802 | D:4      | Reached skill level 5 in Fighting
  2813 | D:4      | Killed Sigmund
  2813 | D:4      | Reached skill level 5 in Long Blades
  2813 | D:4      | Gained mutation: You have sharp fingernails. [demonic ancestry]
  2813 | D:4      | Reached XP level 6. HP: 25/51 MP: 6/6
  2817 | D:4      | HP: 2/51 [worm (9)]
  3070 | D:4      | Noticed Purgy
  3083 | D:4      | Killed Purgy
  3383 | D:4      | Gained mutation: You have razor-sharp toenails. [demonic ancestry]
  3383 | D:4      | Reached XP level 7. HP: 54/58 MP: 7/7
  3526 | D:4      | Noticed Robin
  3545 | D:4      | Killed Robin
  3652 | D:4      | Noticed Menkaure
  3675 | D:4      | Killed Menkaure
  4252 | D:5      | Entered Level 5 of the Dungeon
  4252 | D:5      | Noticed Ijyb
  4390 | D:5      | Killed Ijyb
  4441 | D:5      | Reached XP level 8. HP: 16/67 MP: 8/8
  5003 | D:5      | Found a deep blue altar of Sif Muna.
  5040 | D:5      | Noticed Pikel
  5096 | D:5      | HP: 1/67 [disintegration (21)]
  5498 | D:5      | Killed Pikel
  5812 | D:6      | Found a sand-covered staircase.
  5832 | D:6      | Noticed Eustachio
  5843 | Ossuary  | Entered an ossuary
  6387 | D:6      | Gained mutation: You expend magic power (3 MP) to strengthen your wands. [potion of mutation]
  6387 | D:6      | Gained mutation: You are weak. (Str -2) [potion of mutation]
  6387 | D:6      | Gained mutation: You have a pair of small antennae on your head. [potion of mutation]
  6428 | D:6      | Reached XP level 9. HP: 65/74 MP: 9/9
  6456 | D:6      | Reached skill level 5 in Dodging
  6612 | D:6      | Found a staircase to the Ecumenical Temple.
  6621 | Temple   | Entered the Ecumenical Temple
  6843 | Temple   | Became a worshipper of Dithmenos the Shadowed
  6843 | Temple   | Reached * piety under Dithmenos
  6843 | Temple   | Reached ** piety under Dithmenos
  8725 | D:6      | Killed Eustachio
 10073 | D:7      | Killed from afar by an orc priest

Vault maps used:
D:1:      dpeg_arrival_signposts, minmay_pentomino_t4
D:2:      nicolae_ru_great_annihilating_truth, first_bread, trog_book
D:3:      lemuel_round_altar, okawaru_gym_becter
D:4:      uniq_sigmund, uniq_purgy, uniq_blork_the_orc, uniq_menkaure,
          uniq_robin
D:5:      lemuel_coloured_pillars_altar, uniq_ijyb, uniq_pikel
D:6:      temple_fountains, enter_ossuary_3, uniq_eustachio
D:7:      grunt_livestock
Temple:   dpeg_five_rooms_temple
Ossuary:  ossuary_minmay_tomb_2a

Skill      XL: |  1  2  3  4  5  6  7  8  9 |
---------------+----------------------------+-----
Long Blades    | 3 4 5 6 7 8 |  8.0
Fighting       | 4 5 6 7 8 |  8.0
Dodging        | 4 8 |  8.7
Stealth        | |  1.7

Action                   |  1- 3 |  4- 6 |  7- 9 || total
-------------------------+-------+-------+-------++-------
Melee: Falchion          |    78 |   131 |   433 ||   642
       Kick              |    24 |    48 |   161 ||   233
  Use: Potion            |     2 |       |    15 ||    17
       Scroll            |       |       |    13 ||    13
 Stab: Sleeping          |     3 |     8 |     2 ||    13
       Paralysed         |       |     2 |       ||     2
       Distracted        |       |     1 |     2 ||     3
  Eat: Chunk             |     1 |     6 |     7 ||    14
       Fruit             |       |     1 |     3 ||     4
       Bread ration      |       |       |     3 ||     3
Armor: Robe              |    18 |     7 |       ||    25
       Leather armour    |       |    11 |    68 ||    79
       Skin              |       |       |    22 ||    22
Dodge: Dodged            |    67 |    72 |   296 ||   435
       Rpst.: Falchion   |    22 |    21 |    75 ||   118

Table legend:
 A = Spawn XP
 B = Non-spawn XP
 C = Spawn XP percentage of total XP
 D = Spawn monster count
 E = Non-spawn monster count
 F = Spawn count percentage of total count
 G = Total turns spent on level
                    A         B        C        D         E        F      G
               +---------+---------+-------+---------+---------+-------+---------
         Total |       0 |    5217 |   0.0 |       0 |     210 |   0.0 | 10073
               +---------+---------+-------+---------+---------+-------+---------
           D:1 |       0 |      38 |   0.0 |       0 |      21 |   0.0 |   714
           D:2 |       0 |     110 |   0.0 |       0 |      26 |   0.0 |   961
           D:3 |       0 |     109 |   0.0 |       0 |      33 |   0.0 |  1090
           D:4 |       0 |     815 |   0.0 |       0 |      42 |   0.0 |  1728
           D:5 |       0 |    1421 |   0.0 |       0 |      22 |   0.0 |  3345
           D:6 |       0 |    1637 |   0.0 |       0 |      36 |   0.0 |  1092
           D:7 |       0 |     799 |   0.0 |       0 |      14 |   0.0 |   352
       Ossuary |       0 |     288 |   0.0 |       0 |      16 |   0.0 |   516
               +---------+---------+-------+---------+---------+-------+---------
